 Dungeon Crawl Stone Soup version 0.27.1-34-g3ba077fa99 (webtiles) character file.

Game seed: 3285076340550825895

2837 cbfl8 the Blocker (level 9, -4/71 HPs)
             Began as a Minotaur Wanderer on Jan 18, 2022.
             Was a Follower of Yredelemnul.
             Killed from afar by an acid dragon (11 damage)
             ... with a splash of acid
             ... on level 8 of the Dungeon.
             The game lasted 00:18:36 (9676 turns).

cbfl8 the Blocker (Minotaur Wanderer)               Turns: 9676, Time: 00:18:37

Health: -4/71      AC:  7    Str: 16    XL:     9   Next: 45%
Magic:  10/10      EV: 15    Int: 11    God:    Yredelemnul [*.....]
Gold:   433        SH: 20    Dex: 12    Spells: 10/11 levels left

rFire    . . .     SeeInvis .   H - +5 mace
rCold    . . .     Faith    .   C - +0 tower shield
rNeg     . . .     Spirit   .   p - +4 scale mail
rPois    .         Reflect  +   o - +2 hat
rElec    .         Harm     .   (no cloak)
rCorr    .         Rampage  .   y - +0 pair of gloves
Will     .....                  (no boots)
Stlth    ..........             k - amulet of reflection
HPRegen  0.21/turn              i - +4 ring of evasion
MPRegen  0.12/turn              K - +4 ring of evasion

@: about to teleport, corroded
A: horns 2, retaliatory headbutt
a: Renounce Religion, Animate Remains


You were on level 8 of the Dungeon.
You worshipped Yredelemnul.
Yredelemnul was aware of your devotion.
You visited 2 branches of the dungeon, and saw 9 of its levels.

You collected 518 gold pieces.
You spent 85 gold pieces at shops.

Inventory:

Hand Weapons
 a - a +0 club
 l - a +3 dagger
 B - a +1 vorpal scimitar
 F - a +2 flail
 G - a +2 short sword of freezing
 H - a +5 mace (weapon)
Missiles
 r - 13 bolts
Armour
 c - a +2 scale mail
 o - a +2 hat (worn)
 p - a +4 scale mail (worn)
 y - a +0 pair of gloves (worn)
 C - a +0 tower shield (worn)
 I - +0 acid dragon scales
Jewellery
 i - a +4 ring of evasion (left hand)
 k - an amulet of reflection (around neck)
 v - a ring of see invisible
 E - an amulet of magic regeneration
 J - a ring of fire
 K - a +4 ring of evasion (right hand)
Wands
 D - a wand of polymorph (3)
Scrolls
 b - 3 scrolls of teleportation
 f - a scroll of blinking {unknown}
 h - 4 scrolls of magic mapping
 j - a scroll of fear {unknown}
 m - 2 scrolls of vulnerability
 x - a scroll of enchant armour {unknown}
 L - 4 scrolls of identify
Potions
 d - a potion of cancellation {unknown}
 e - a potion of attraction {unknown}
 g - a potion of haste {unknown}
 n - a potion of mutation {unknown}
 s - a potion of degeneration {unknown}
 t - a potion of flight {unknown}
 u - 5 potions of resistance {unknown}
 w - a potion of magic {unknown}
 z - 3 potions of lignification {unknown}
 A - 3 potions of curing {unknown}


   Skills:
 + Level 4.2 Fighting
 + Level 5.9 Short Blades
 + Level 4.6 Maces & Flails
 + Level 1.0 Throwing
 + Level 7.9 Armour
 + Level 4.2 Dodging
 + Level 1.2 Stealth
 + Level 8.4 Shields
 + Level 1.8 Spellcasting
 + Level 1.2 Transmutations
 + Level 1.7 Earth Magic


You had 10 spell levels left.
You knew the following spells:

 Your Spells              Type           Power      Damage    Failure   Level
a - Freeze                Ice            4%         1d3       100%        1

Your spell library contained the following spells:

 Spells                   Type           Power      Damage    Failure   Level
 Beastly Appendage        Tmut           6%         N/A       99%         1
 Animate Skeleton         Necr           2%         N/A       100%        1
 Apportation              Tloc           2%         N/A       100%        1
 Pain                     Necr           4%         1d4       100%        1
 Ensorcelled Hibernation  Hex/Ice        2%         N/A       100%        2
 Wereblood                Tmut           3%         N/A       100%        2
 Frozen Ramparts          Ice            2%         1d2       100%        3
 Spider Form              Tmut/Pois      1%         N/A       100%        3
 Tukima's Dance           Hex            1%         N/A       100%        3
 Vampiric Draining        Necr           0%         2d6       100%        3
 Passage of Golubria      Tloc           N/A        N/A       100%        4
 Alistair's Intoxication  Tmut/Pois      1%         N/A       100%        5
 Yara's Violent Unravell  Hex/Tmut       1%         3d3       100%        5
 Invisibility             Hex            0%         N/A       100%        6
 Shadow Creatures         Summ           N/A        N/A       100%        6


Dungeon Overview and Level Annotations

Branches:
Dungeon (8/15)             Temple (1/1) D:6
   Lair: D:8-11

Altars:
Ashenzari
Cheibriados
Elyvilon
Fedhas
Hepliaklqana
Kikubaaqudgha
Makhleb
Nemelex Xobeh
Okawaru
Ru
Sif Muna
Trog
Uskayaw
Wu Jian
Xom
Yredelemnul
Zin
The Shining One

Shops:
D:7 ??[

Annotations:
D:3 1 runed translucent door, Crazy Yiuf


Innate Abilities, Weirdness & Mutations

You have a pair of horns on your head.
You reflexively headbutt those who attack you in melee.


Message History

You block the acid dragon's attack. x3; The acid dragon closely misses you.
You hit the acid dragon but do no damage.
The acid dragon is moderately wounded.
The acid dragon spits acid at you. The splash of acid hits you!
The acid corrodes you!
You are splashed with acid!
Unknown command.
You barely miss the acid dragon.
You headbutt the acid dragon, but do no damage.
The acid dragon is lightly wounded.
The acid dragon spits acid at you.
The splash of acid reflects off an invisible shield around you!
The splash of acid hits the acid dragon.
You block the acid dragon's attack. The acid dragon misses you.
You hit the acid dragon.
The acid dragon is moderately wounded.
You block the acid dragon's attack. The acid dragon barely misses you.
Unknown command.
You barely miss the acid dragon. You headbutt the acid dragon.
The acid dragon is moderately wounded.
The acid dragon spits acid at you. The splash of acid hits you!
You are splashed with acid!
* * * LOW HITPOINT WARNING * * *
The acid dragon spits acid at you.
The splash of acid reflects off an invisible shield around you!
The splash of acid hits the acid dragon.
You hit the acid dragon but do no damage.
The acid dragon is moderately wounded.
You block the acid dragon's attack. The acid dragon misses you.
Unknown command.
As you read the scroll of fog, it crumbles to dust.
The scroll dissolves into smoke.
The acid dragon bites you.
* * * LOW HITPOINT WARNING * * *
You block the acid dragon's attack.
As you read the scroll of teleportation, it crumbles to dust.
You feel strangely unstable. The acid dragon closely misses you.
You block the acid dragon's attack. The acid dragon spits acid at you.
The splash of acid hits you!
You die...
Your body rises from the dead as a mindless zombie.

####### ......# ......#
......# .###..#######
.#_#........############.
.#'#...........§§§§§.....
...............§@§D§.....
............<..§§§§§.....
....>.........<§§§§§....#
........................#
........................#
........................#
........................#
#########################


You could see an acid dragon (catching breath).

Vanquished Creatures
  Maggie (D:6)
  Sigmund (D:4)
  A water moccasin (D:5)
  An orc warrior (D:7)
  A necrophage (D:5)
  2 ice beasts
  2 ogres
  2 phantoms
  2 bullfrogs (D:7)
  3 scorpions
  A wyvern zombie (D:7)
  5 killer bees (D:7)
  5 wights (D:6)
  A howler monkey (D:4)
  2 hounds
  2 bullfrog zombies (D:7)
  3 centaur zombies
  4 jellies
  An orc priest (D:3)
  Ijyb (D:3)
  A bullfrog skeleton (D:5)
  A gnoll shaman (D:7)
  Terence (D:2)
  2 orc wizards
  A hound zombie (D:5)
  A howler monkey zombie (D:6)
  Robin (D:3)
  5 adders
  4 gnolls (D:7)
  A shadow imp (D:4)
  2 white imps
  An ufetubus (D:5)
  An adder skeleton (D:4)
  4 dart slugs
  4 worms
  14 orcs
  6 ball pythons
  3 bats (D:1)
  2 endoplasms
  4 giant cockroaches
  15 goblins
  12 hobgoblins
  3 kobolds
  6 quokkas
  5 frilled lizards
  6 rats
147 creatures vanquished.

Vanquished Creatures (others)
  A goblin (D:3)
1 creature vanquished.

Grand Total: 148 creatures vanquished

Notes
Turn   | Place    | Note
-------+----------+-------------------------------------------
     0 | D:1      | cbfl8 the Minotaur Wanderer began the quest for the Orb.
     0 | D:1      | cbfl8 set off with the following items: a +0 club, a scroll
                  | of teleportation, a +2 scale mail; and the following spell
                  | memorised: Freeze; and the following spells available to
                  | memorise: Frozen Ramparts
     0 | D:1      | Reached XP level 1. HP: 14/14 MP: 1/1
   556 | D:1      | Reached XP level 2. HP: 20/20 MP: 3/3
  1618 | D:2      | Reached XP level 3. HP: 26/26 MP: 4/4
  1618 | D:2      | Found a faded altar of an unknown god.
  1735 | D:2      | Noticed Terence
  1745 | D:2      | Killed Terence
  1748 | D:2      | Reached skill level 1 in Maces & Flails
  1968 | D:2      | Reached XP level 4. HP: 29/34 MP: 5/5
  2817 | D:3      | Reached skill level 1 in Fighting
  2943 | D:3      | Noticed Ijyb
  2963 | D:3      | Killed Ijyb
  2964 | D:3      | Reached skill level 5 in Armour
  2964 | D:3      | Reached XP level 5. HP: 37/40 MP: 6/6
  3053 | D:3      | Reached skill level 2 in Shields
  3062 | D:3      | Noticed Robin
  3095 | D:3      | Killed Robin
  4076 | D:3      | Found a runed translucent door.
  4077 | D:3      | Noticed Crazy Yiuf
  4160 | D:4      | Reached skill level 1 in Dodging
  4160 | D:4      | Reached XP level 6. HP: 48/48 MP: 7/7
  4185 | D:4      | Reached skill level 3 in Shields
  4384 | D:4      | Noticed Sigmund
  4400 | D:4      | Killed Sigmund
  4617 | D:4      | Reached XP level 7. HP: 43/56 MP: 8/8
  5405 | D:5      | Entered Level 5 of the Dungeon
  5463 | D:5      | Reached skill level 4 in Shields
  5773 | D:5      | Found a shimmering blue altar of Sif Muna.
  6461 | D:5      | Reached skill level 1 in Stealth
  6470 | D:5      | Reached XP level 8. HP: 61/63 MP: 9/9
  7026 | D:6      | Reached skill level 5 in Short Blades
  7078 | D:6      | Found a staircase to the Ecumenical Temple.
  7101 | Temple   | Entered the Ecumenical Temple
  7268 | Temple   | Became a worshipper of Yredelemnul the Dark
  7304 | D:6      | Reached skill level 5 in Shields
  7766 | D:6      | Reached skill level 6 in Shields
  8031 | D:6      | Noticed Maggie
  8059 | D:6      | Killed Maggie
  8060 | D:6      | Reached XP level 9. HP: 27/71 MP: 10/10
  8672 | D:7      | Found Tiphui's Armour Boutique.
  8730 | D:7      | Reached skill level 7 in Shields
  8774 | D:7      | Found Lerghuc's Magic Scroll Emporium.
  8793 | D:7      | Bought a scroll of teleportation for 30 gold pieces
  8793 | D:7      | Bought a scroll of magic mapping for 35 gold pieces
  8807 | D:7      | Bought a scroll of identify for 20 gold pieces
  8998 | D:7      | Reached * piety under Yredelemnul
  9114 | D:7      | Reached skill level 8 in Shields
  9118 | D:7      | Found Pathrin's Magic Scroll Shoppe.
  9639 | D:8      | Found a broken altar of Ashenzari.
  9676 | D:8      | Killed from afar by an acid dragon

Illustrated notes

Levels and vault maps discovered:
D:1:      dpeg_arrival_boxes_within_box, layout_basic
D:2:      layout_rooms, shapermc_ecumenical_altar_mp_vishouse,
          hangedman_abyss_or_decor_stabs, minmay_joined_circles, uniq_terence
D:3:      layout_basic, uniq_robin, uniq_ijyb, uniq_crazy_yiuf_cottage
D:4:      kb_forest_paths, layout_basic, uniq_sigmund, uniq_duvessa
D:5:      layout_loops_corners, general_overflow_altar, hangedman_decor_growths,
          hangedman_glass_teeth, nicolae_sextant
D:6:      layout_basic, minmay_temple_entry_offerings, uniq_maggie
D:7:      layout_cave_pools, serial_shops, nicolae_diamond_shop,
          kennysheep_mini_moat, nicolae_shop_temple_entry_statues_fountains
D:8:      layout_gridville, kennysheep_mini
Temple:   eino_temple_rhombus

Skill      XL: |  1  2  3  4  5  6  7  8  9 |
---------------+----------------------------+-----
Armour         | 4 5 6 7 |  7.9
Maces & Flails | 1 2 3 4 |  4.6
Fighting       | 1 2 3 4 |  4.2
Shields        | 2 3 4 6 8 |  8.4
Dodging        | 1 2 3 4 |  4.2
Short Blades   | 2 4 5 |  5.9
Stealth        | 1 |  1.2
Throwing       | |  1.0
Spellcasting   | |  1.8
Transmutations | |  1.2
Earth Magic    | |  1.7

Action                   |  1- 3 |  4- 6 |  7- 9 || total
-------------------------+-------+-------+-------++-------
Melee: Club              |   123 |   129 |       ||   252
       Headbutt          |    14 |    33 |    66 ||   113
       Dagger            |       |   109 |   237 ||   346
       Mace              |       |       |   124 ||   124
Invok: Animate Remains   |       |       |     1 ||     1
  Use: Potion            |       |     3 |     1 ||     4
       Scroll            |       |       |     5 ||     5
Armor: Scale mail        |    84 |   105 |    74 ||   263
       Acid dragon scale |       |       |    20 ||    20
Dodge: Dodged            |    68 |   130 |   196 ||   394
Block: Other             |    23 |    64 |    22 ||   109
       Reflection        |     1 |     3 |     8 ||    12
       Tower shield      |       |       |   340 ||   340
